 Dungeon Crawl Stone Soup version 0.17.1-3-g152610e (webtiles) character file.

306 Heskey the Skirmisher (level 6, -1/40 HPs)
             Began as a Gargoyle Fighter on Apr 12, 2016.
             Was a Follower of Okawaru.
             Killed by divine providence
             ... invoked by an orc priest
              (16 damage)
             ... on level 3 of the Dungeon.
             The game lasted 00:04:36 (2744 turns).

Heskey the Skirmisher (Gargoyle Fighter)            Turns: 2744, Time: 00:04:36

Health: -1/40      AC: 17    Str: 21    XL:     6   Next: 39%
Magic:  6/6        EV:  4    Int:  9    God:    Okawaru [*.....]
Gold:   158        SH:  9    Dex:  9    Spells: 0 memorised, 5 levels left

rFire  x . .     SeeInvis .     g - +1 whip (freeze)
rCold  + . .     Clarity  .     f - +0 plate armour
rNeg   + . .     SustAt   .     c - +0 shield
rPois  ∞         Gourm    .     (no helmet)
rElec  +         Spirit   .     (no cloak)
rCorr  .         Warding  .     (no gloves)
rMut   .         Stasis   .     h - +0 pair of boots (curse)
MR     .....                    (no amulet)
Stlth  ..........               (no ring)
                                i - ring of ice

@: not resistant to hostile enchantments, extremely unstealthy
A: negative energy resistance 1, electricity resistance, unbreathing,
petrification resistance, rot immunity, AC +4
a: Heroism, Renounce Religion


You were on level 3 of the Dungeon.
You worshipped Okawaru.
Okawaru was aware of your devotion.
You were not hungry.

You visited 1 branch of the dungeon, and saw 4 of its levels.

You collected 158 gold pieces.

Inventory:

Hand Weapons
 a - a +0 flail
 g - a +1 whip of freezing (weapon)
Armour
 c - a +0 shield (worn)
 f - a +0 plate armour (worn)
 h - a cursed +0 pair of boots (worn)
Jewellery
 b - an uncursed ring of stealth {unknown}
 i - a ring of ice (left hand)
 j - a cursed ring of teleportation {unknown}
 u - a cursed ring of loudness {unknown}
 w - an uncursed amulet of faith {unknown}
 A - an uncursed amulet of the gourmand {unknown}
Wands
 l - a wand of flame (24)
Scrolls
 q - 2 scrolls of identify {unknown}
 r - 2 scrolls of amnesia {unknown}
 s - a scroll of teleportation {unknown}
 v - a scroll of immolation {unknown}
 y - a scroll of fear {unknown}
Potions
 d - 2 potions of might
 k - a potion of degeneration {unknown}
Books
 p - a book of Death

   Spells                             Type                      Level
   a - Corpse Rot                     Necromancy                   2
   b - Sublimation of Blood           Necromancy                   2
   c - Agony                          Necromancy                   5
   d - Dispel Undead                  Necromancy                   5
   e - Excruciating Wounds            Charms/Necromancy            5
   f - Bolt of Draining               Conjuration/Necromancy       5
Comestibles
 e - a bread ration
 m - 2 beef jerkies
 n - a meat ration
 o - 3 fruits
 t - a royal jelly


   Skills:
 * Level 5.6 Fighting
 + Level 3.1 Maces & Flails
 + Level 4.5 Armour
 + Level 4.4 Shields


You had 5 spell levels left.
You didn't know any spells.

Dungeon Overview and Level Annotations

Branches:
Dungeon (4/15)
 Temple: D:4-7

Altars:
Cheibriados
Kikubaaqudgha
Okawaru
Xom
Yredelemnul
The Shining One


Innate Abilities, Weirdness & Mutations

You are resistant to torment.
Your stone body is resilient (AC +4).
You are immune to poison.
You resist negative energy.
You are resistant to electric shocks.
You can survive without breathing.
You are immune to petrification.
You are immune to rotting.


Message History

Something smites you!
You hit the orc priest but do no damage.
The orc priest is severely wounded.
You closely miss the orc priest.
The orc priest is severely wounded.
The orc priest looks braver for a moment.
You hit the orc priest but do no damage.
The orc priest is severely wounded.
The orc priest hits you but does no damage.
Your plate armour prevents you from hitting the orc priest.
The orc priest is severely wounded.
You block the orc priest's attack.
You closely miss the orc priest.
The orc priest is severely wounded.
The orc priest completely misses you.
You hit the orc priest. You freeze the orc priest.
The orc priest is almost dead.
The orc priest mumbles some strange prayers to Beogh against you.
Something smites you!
You die...

#.......##.......# #
#.......##..#.##.# #
#.......##..#..#.# #
#.......##..##.#># #
#.......##..##.#.#
###.......##.......#
........###.......##
##.###..###.####.o#
#.............÷@.#
##...#..###.#..##.#
#######
...#.#..###.......#
#.....#
...........##..####
#.###)##
#....[..##.....#
####.#.....
#.####).#####.##
#......#.##
#..[).........#
#.##.....#
######.########
####.######## #
##<## #....#


You could see an orc priest.

Vanquished Creatures
  A water moccasin (D:3)
  A giant frog (D:3)
  An orc priest (D:3)
  An orc wizard (D:3)
  4 adders
  2 worms
  A giant gecko (D:2)
  8 orcs (D:3)
  2 giant cockroaches
  3 goblins
  3 hobgoblins
  A quokka (D:3)
  7 bats
  3 giant newts
  7 kobolds
  6 rats
51 creatures vanquished.

Vanquished Creatures (others)
  An orc wizard (D:3)
1 creature vanquished.

Grand Total: 52 creatures vanquished

Notes
Turn   | Place    | Note
--------------------------------------------------------------
     0 | D:1      | Heskey the Gargoyle Fighter began the quest for the Orb.
     0 | D:1      | Reached XP level 1. HP: 14/14 MP: 1/1
   287 | D:1      | Reached XP level 2. HP: 16/19 MP: 2/2
   712 | D:2      | Found a snail-covered altar of Cheibriados.
   713 | D:2      | Found a basalt altar of Yredelemnul.
   713 | D:2      | Found an iron altar of Okawaru.
   713 | D:2      | Found a glowing golden altar of the Shining One.
   713 | D:2      | Found an ancient bone altar of Kikubaaqudgha.
   714 | D:2      | Found a shimmering altar of Xom.
   724 | D:2      | Became a worshipper of Warmaster Okawaru
   781 | D:2      | Reached XP level 3. HP: 22/24 MP: 3/3
   821 | D:2      | Reached skill level 4 in Fighting
  1148 | D:3      | Reached XP level 4. HP: 27/29 MP: 4/4
  1197 | D:3      | Noticed a giant frog
  1231 | D:3      | Killed a giant frog
  1231 | D:3      | Reached XP level 5. HP: 34/34 MP: 5/5
  1763 | D:3      | Reached skill level 5 in Fighting
  2121 | D:4      | Noticed an ogre
  2145 | D:4      | Noticed a water moccasin
  2431 | D:3      | Killed a water moccasin
  2431 | D:3      | Reached * piety under Okawaru
  2431 | D:3      | Reached XP level 6. HP: 15/40 MP: 6/6
  2744 | D:3      | Killed from afar by an orc priest

Action                   |  1- 3 |  4- 6 || total
-------------------------+-------+-------++-------
Melee: Whip              |   142 |   174 ||   316
       Flail             |     5 |       ||     5
  Use: Scroll            |     2 |     1 ||     3
  Eat: Chunk             |       |     2 ||     2
       Bread ration      |       |     1 ||     1
       Fruit             |       |     1 ||     1
       Beef jerky        |       |     1 ||     1
